 Dungeon Crawl Stone Soup version 0.29.1-1-gd02db6906a (webtiles) character file.

Game seed: 18028363963100718415

891 fireball365 the Chopper (level 7, -4/61 HPs)
             Began as a Minotaur Fighter on Oct 18, 2022.
             Was an Initiate of Gozag.
             Slain by a crimson imp
             ... wielding a +0 war axe
              (7 damage)
             ... on level 4 of the Dungeon.
             The game lasted 00:14:16 (3804 turns).

fireball365 the Chopper (Minotaur Fighter)          Turns: 3804, Time: 00:14:17

Health: -4/61      AC: 12    Str: 21    XL:     7   Next: 77%
Magic:  6/6        EV: 11    Int:  5    God:    Gozag
Gold:   160        SH:  0    Dex: 11    Spells: 6/6 levels left

rFire   . . .      SeeInvis .   D - +0 halberd
rCold   . . .      Faith    .   (shield currently unavailable)
rNeg    . . .      Spirit   .   w - +0 plate armour
rPois   .          Reflect  .   (helmet restricted)
rElec   .          Harm     .   (no cloak)
rCorr   .          Rampage  .   (no gloves)
Will    .....                   (no boots)
Stlth   ..........              (no amulet)
HPRegen 0.20/turn               u - +4 ring of evasion
MPRegen 0.10/turn               (no ring)

@: mighty, about to teleport
A: horns 2, retaliatory headbutt
a: Renounce Religion, Potion Petition, Call Merchant, Bribe Branch


You were on level 4 of the Dungeon.
You worshipped Gozag.
Gozag was aware of your devotion.
You visited 1 branch of the dungeon, and saw 4 of its levels.
You also visited: Sewer.

You collected 231 gold pieces.
You paid 71 gold pieces to Gozag.

Inventory:

Hand Weapons
 a - a +0 war axe
 y - a +0 hand axe of freezing
 D - a +0 halberd (weapon)
Missiles
 e - 16 stones
 p - 33 poisoned darts (quivered)
 q - 2 boomerangs
Armour
 b - a +0 scale mail
 c - a +0 buckler
 m - a +0 chain mail
 w - a +0 plate armour (worn)
Magical Staves
 t - a staff of death
 x - a staff of conjuration
Jewellery
 u - a +4 ring of evasion (left hand)
Scrolls
 f - 2 scrolls of identify {unknown}
 g - 2 scrolls of teleportation
 h - 2 scrolls of amnesia {unknown}
 i - 3 scrolls of enchant weapon {unknown}
 j - a scroll of acquirement {unknown}
 l - 3 scrolls of poison {unknown}
 s - a scroll of enchant armour {unknown}
 v - 2 scrolls of immolation {unknown}
 z - a scroll of brand weapon {unknown}
 C - a scroll of fear {unknown}
Potions
 d - 2 potions of might
 k - 2 potions of lignification {unknown}
 n - a potion of curing {unknown}
 o - a potion of ambrosia {unknown}
 r - 3 potions of haste {unknown}
 A - a potion of heal wounds {unknown}


   Skills:
 + Level 5.6 Fighting
 + Level 7.3 Axes
 + Level 5.9 Armour
 + Level 1.9 Dodging
 + Level 0.2 Stealth
 + Level 5.4 Shields


You had 6 spell levels left.
You didn't know any spells.
Your spell library contained the following spells:

 Spells                   Type           Power      Damage    Failure   Level
 Magic Dart               Conj           0%         1d3       100%        1
 Slow                     Hex            0%         N/A       100%        1
 Summon Small Mammal      Summ           0%         N/A       100%        1
 Call Imp                 Summ           0%         N/A       100%        2
 Call Canine Familiar     Summ           0%         N/A       100%        3
 Confusing Touch          Hex            0%         N/A       100%        3
 Mephitic Cloud           Conj/Pois/Air  0%         N/A       100%        3
 Summon Guardian Golem    Hex/Summ       0%         N/A       100%        3
 Vampiric Draining        Necr           0%         2d6       100%        3


Dungeon Overview and Level Annotations

Branches:
Dungeon (4/15)              Sewer (visited)
 Temple: D:4-7

Altars:
Gozag
Nemelex Xobeh
Yredelemnul

Shops:
D:1 =

Annotations:
D:4 Edmund


Innate Abilities, Weirdness & Mutations

You have a pair of horns on your head.
You reflexively headbutt those who attack you in melee.


Message History

Edmund hits you with a +2 flail of protection!
You hit Edmund but do no damage. Edmund hits you but does no damage.
The crimson imp blinks!
You hit Edmund but do no damage. Edmund hits you but does no damage.
The crimson imp blinks!
You closely miss Edmund. Edmund hits you but does no damage.
Edmund hits you with a +2 flail of protection.
The crimson imp hits you but does no damage.
You hit Edmund.
Edmund is lightly wounded.
Edmund hits you with a +2 flail of protection!
The crimson imp completely misses you.
You slash Edmund!
Edmund is moderately wounded.
Edmund hits you with a +2 flail of protection.
The crimson imp closely misses you.
You barely miss Edmund. Your headbutt misses Edmund.
Edmund is moderately wounded.
Edmund hits you with a +2 flail of protection!
The crimson imp shouts, "Get thee hence, thou jarring rude-growing erk!"
The crimson imp hits you but does no damage.
Edmund hits you with a +2 flail of protection.
* * * LOW HITPOINT WARNING * * *
The crimson imp hits you with a +0 war axe!
* * * LOW HITPOINT WARNING * * *
As you read the scroll of teleportation, it crumbles to dust.
You feel strangely unstable.
Edmund hits you with a +2 flail of protection.
* * * LOW HITPOINT WARNING * * *
The crimson imp closely misses you.
You hit Edmund.
Edmund is moderately wounded.
Edmund hits you with a +2 flail of protection.
* * * LOW HITPOINT WARNING * * *
The crimson imp closely misses you.
You feel very mighty all of a sudden. Edmund closely misses you.
The crimson imp hits you with a +0 war axe!
You die...
Your body crumbles into a pile of gold.

#.# #.# #.#.# #......
#.#####'###.#.# #########....
#..).....#########.....)Z'....
#.........##.....#########....
#.##.....##...8...## #....
#.########.........# ##### #.#
#.⌠._._.⌠.# #.# #...5.....#
#.# ##..@8...## #.# ##.@...##
##.### ####'### ###....##
###....#
#....#..####...#..######
...........#............
#######.........#######.
###.....### $ ##..h##


You could see Edmund and a crimson imp.

Vanquished Creatures
  A black bear (D:4)
  5 kobold brigands (Sewer)
  A howler monkey (D:4)
  A hound (D:4)
  2 iguanas (D:4)
  10 adders
  4 gnolls (D:4)
  6 river rats
  A shadow imp (D:4)
  6 worms
  2 dart slugs
  An orc (D:3)
  7 bats
  11 endoplasms
  A giant cockroach (D:4)
  5 hobgoblins
  3 quokkas
  11 ball pythons
  3 frilled lizards
  5 goblins
  9 kobolds
  8 rats
103 creatures vanquished.

Vanquished Creatures (collateral kills)
  An adder (D:3)
  A river rat (D:4)
  A worm (D:2)
  A dart slug (D:4)
  2 goblins
  A ball python (D:3)
  2 frilled lizards
  A kobold (D:1)
  A rat (D:4)
11 creatures vanquished.

Vanquished Creatures (others)
  A howler monkey zombie (D:4)
  An adder zombie (D:4)
  A river rat zombie (D:4)
  An endoplasm zombie (D:4)
  A gnoll zombie (D:4)
  A plant (D:1)
6 creatures vanquished.

Grand Total: 120 creatures vanquished

Notes
Turn   | Place    | Note
-------+----------+-------------------------------------------
     0 | D:1      | fireball365 the Minotaur Fighter began the quest for the
                  | Orb.
     0 | D:1      | Reached XP level 1. HP: 19/19 MP: 0/0
   209 | D:1      | Reached XP level 2. HP: 27/27 MP: 1/1
   508 | D:1      | Found Rifasmuch's Jewellery Boutique.
   512 | D:1      | Found a faded altar of an unknown god.
   523 | D:1      | Prayed at the altar of an unknown god.
   523 | D:1      | Became a worshipper of Yredelemnul the Dark
   523 | D:1      | Reached * piety under Yredelemnul
   911 | D:2      | Reached XP level 3. HP: 30/33 MP: 2/2
  1050 | D:2      | Reached skill level 3 in Axes
  1895 | D:3      | Reached XP level 4. HP: 40/40 MP: 3/3
  2475 | D:4      | Reached skill level 5 in Shields
  2475 | D:4      | Reached XP level 5. HP: 20/47 MP: 4/4
  2477 | D:4      | Reached ** piety under Yredelemnul
  2488 | D:4      | Found a glowing drain.
  2495 | Sewer    | Entered a sewer
  2635 | Sewer    | Reached skill level 4 in Axes
  2693 | Sewer    | Reached XP level 6. HP: 37/55 MP: 5/5
  2970 | Sewer    | Reached skill level 5 in Axes
  2970 | Sewer    | Reached skill level 5 in Armour
  2976 | Sewer    | Reached *** piety under Yredelemnul
  3016 | Sewer    | Reached skill level 5 in Fighting
  3016 | Sewer    | Reached skill level 1 in Dodging
  3028 | Sewer    | Reached **** piety under Yredelemnul
  3081 | Sewer    | Reached XP level 7. HP: 61/61 MP: 6/6
  3106 | Sewer    | Reached skill level 6 in Axes
  3116 | Sewer    | Reached ***** piety under Yredelemnul
  3598 | D:4      | Reached skill level 7 in Axes
  3756 | D:4      | Found an opulent altar of Gozag.
  3756 | D:4      | Found a sparkling altar of Nemelex Xobeh.
  3790 | D:4      | Fell from the grace of Yredelemnul
  3790 | D:4      | Became a worshipper of Gozag Ym Sagoz the Greedy
  3791 | D:4      | Noticed Edmund
  3803 | D:4      | HP: 3/61 [Edmund/+2 flail of protection (4)]
  3804 | D:4      | Slain by a crimson imp

Illustrated notes

Levels and vault maps discovered:
D:1:      saegor_arrival_under_anarchy, layout_basic,
          ebering_ecumenical_altar_webs, serial_shops, shop, minmay_pentomino_v4
D:2:      minmay_spotlight, layout_rooms, dk_vineyard_3
D:3:      layout_basic
D:4:      layout_basic, grunt_temple_overflow_opulence,
          minmay_temple_entry_drinking_statues, lightli_sewer_entry_pipes,
          minmay_misc_feat_doors, minmay_fire_ice_demons, uniq_edmund

Skill      XL: |  1  2  3  4  5  6  7 |
---------------+----------------------+-----
Armour         | 4 5 |  5.9
Shields        | 4 5 |  5.4
Fighting       | 4 5 |  5.6
Axes           | 3 4 5 7 |  7.3
Dodging        | 1 |  1.9
Stealth        | |  0.2

Action                   |  1- 3 |  4- 6 |  7- 9 || total
-------------------------+-------+-------+-------++-------
Melee: War axe           |    70 |   141 |    36 ||   247
       Headbutt          |     8 |    18 |    10 ||    36
       Halberd           |       |       |    32 ||    32
  Use: Scroll            |     1 |       |     1 ||     2
       Potion            |       |       |     1 ||     1
Armor: Scale mail        |    35 |       |       ||    35
       Plate armour      |    13 |    72 |    55 ||   140
       Chain mail        |     2 |       |       ||     2
Dodge: Dodged            |    64 |    57 |    49 ||   170
Block: Buckler           |    28 |    33 |     6 ||    67
